 Dungeon Crawl Stone Soup version 0.26.0-45-g9c1d065592 (webtiles) character file.

Game seed: 2348558017333862895

2858 thiole the Thaumaturge (level 9, -15/62 HPs)
             Began as an Octopode Venom Mage on Jan 27, 2021.
             Was an Initiate of Gozag.
             Demolished by a boulder beetle (31 damage)
             ... on level 11 of the Dungeon.
             The game lasted 00:16:09 (11974 turns).

thiole the Thaumaturge (Octopode Venom Mage)       Turns: 11974, Time: 00:16:10

Health: -15/62     AC:  1    Str:  7    XL:     9   Next: 75%
Magic:  9/22       EV: 13    Int: 20    God:    Gozag
Gold:   769        SH: 10    Dex: 13    Spells: 18/26 levels left

rFire    . . .     SeeInvis .   q - +1 dagger (freeze)
rCold    . . .     Faith    .   x - +0 buckler
rNeg     + . .     Spirit   .   (helmet restricted)
rPois    .         Reflect  +   i - amulet of reflection
rElec    .         Harm     .   l - ring of wizardry
rCorr    .         Rampage  .   f - ring of positive energy
Will     .....                  (no ring)
Stlth    +++.......             (no ring)
HPRegen  0.20/turn              (no ring)
MPRegen  0.18/turn              (no ring)
                                (no ring)
                                (no ring)

@: gold aura, slowed, very slow
A: almost no armour, stealthy swim, amphibious, 8 rings, constrict 8, camouflage
1, gelatinous body 1
a: Renounce Religion, Potion Petition, Call Merchant, Bribe Branch


You were on level 11 of the Dungeon.
You worshipped Gozag.
Gozag was pleased with you.
You visited 2 branches of the dungeon, and saw 12 of its levels.

You collected 864 gold pieces.
You paid 95 gold pieces to Gozag.

Inventory:

Hand Weapons
 q - a +1 dagger of freezing (weapon)
Missiles
 g - 305 stones
Armour
 x - a +0 buckler (worn)
Jewellery
 f - a ring of positive energy (right tentacle)
 i - an amulet of reflection (around mantle)
 l - a ring of wizardry (left tentacle)
Wands
 y - a wand of paralysis (6)
 B - a wand of digging (8)
 D - a wand of acid (9)
 F - a wand of enslavement (6)
Scrolls
 a - 4 scrolls of fog {unknown}
 c - 2 scrolls of amnesia {unknown}
 d - 4 scrolls of teleportation {unknown}
 h - 9 scrolls of identify {unknown}
 k - 6 scrolls of remove curse {unknown}
 m - 5 scrolls of enchant weapon {unknown}
 r - 2 scrolls of fear {unknown}
 w - a scroll of immolation {unknown}
 z - a scroll of brand weapon {unknown}
 A - a scroll of magic mapping {unknown}
 E - a scroll of torment {unknown}
 G - a scroll of blinking {unknown}
Potions
 b - 2 potions of flight {unknown}
 e - 2 potions of attraction {unknown}
 j - 4 potions of curing {unknown}
 n - a potion of magic {unknown}
 o - 2 potions of haste {unknown}
 p - 2 potions of brilliance {unknown}
 s - a potion of heal wounds {unknown}
 t - 2 potions of ambrosia {unknown}
 u - a potion of mutation {unknown}
 v - a potion of degeneration {unknown}
 C - a potion of cancellation {unknown}


   Skills:
 + Level 6.1 Fighting
 - Level 2.0 Dodging
 - Level 2.6 Stealth
 - Level 4.0 Shields
 * Level 9.1 Spellcasting
 - Level 3.0 Transmutations
 - Level 3.0 Fire Magic
 - Level 4.0 Poison Magic


You had 18 spell levels left.
You knew the following spells:

 Your Spells              Type           Power        Failure   Level
a - Sting                 Tmut/Pois      92%          1%          1
b - Ignite Poison         Fire/Tmut/Pois 22%          2%          3
c - Olgreb's Toxic Radia  Pois           25%          6%          4

Your spell library contained the following spells:

 Spells                   Type           Power        Failure   Level
 Poisonous Vapours        Pois/Air       34%          1%          2
 Mephitic Cloud           Conj/Pois/Air  14%          5%          3


Dungeon Overview and Level Annotations

Branches:
Dungeon (11/15)            Temple (1/1) D:6
   Lair: D:8-11         Orc: D:9-12

Altars:
Ashenzari
Cheibriados
Dithmenos
Elyvilon
Fedhas
Gozag
Hepliaklqana
Makhleb
Qazlal
Sif Muna
Trog
Uskayaw
Vehumet
Wu Jian
Xom
Yredelemnul
Zin
The Shining One

Shops:
D:5 [   D:6 !

Annotations:
D:4 1 runed translucent door, Crazy Yiuf


Innate Abilities, Weirdness & Mutations

You cannot wear most types of armour.
You are very stealthy in the water. (Stealth+)
You are amphibious.
You can wear up to eight rings at the same time.
You can use your tentacles to constrict eight enemies at once.
Your skin changes colour to match your surroundings (Stealth+).
Your rubbery body absorbs attacks. (AC +1, EV +1)


Message History

The wraith completely misses you.
Your Fighting skill increases to level 6!
Casting: Olgreb's Toxic Radiance (dangerous; 6% risk of failure)
Confirm with . or Enter, or press ? or * to list all spells.
You ignite the poison in your surroundings!
The yak seems to burn from within!!!
You kill the yak!
The boulder beetle seems to burn from within!!!
The boulder beetle is severely wounded.
The wyvern is poisoned.
The boulder beetle is poisoned.
Your toxic aura wanes.
You hear a bellow!
An orc comes into view.
You block the wraith's attack.
The wight hits you with a cursed +3 hand axe!
* * * LOW HITPOINT WARNING * * *
The boulder beetle hits you!!
Ouch! That really hurt!
You die...
Your body crumbles into a pile of gold.

$ .# .#
.## $ .°
○#
##○###...
#Bz..l.#
#@# $ #W#


#zz.Y.Kz. #Z#K.KYz. .o####... ### .. $ You could see a boulder beetle
(poisoned), a wraith, a wyvern (poisoned), a big kobold, 3 wights, an orc and an
orc zombie.

Vanquished Creatures
  A troll (D:9)
  2 yaks (D:11)
  An orc warrior (D:6)
  An ice beast (D:7)
  A necrophage (D:8)
  4 sky beasts
  5 ogres
  A black bear (D:8)
  A centaur (D:5)
  4 bullfrogs
  A wyvern zombie (D:7)
  A scorpion (D:8)
  A howler monkey (D:6)
  A bullfrog zombie (D:6)
  4 jellies
  2 orc priests
  2 hounds
  A bullfrog skeleton (D:6)
  An iguana (D:5)
  5 orc wizards
  5 worker ants
  A killer bee zombie (D:8)
  2 worker ant zombies
  3 gnolls (D:4)
  4 adders
  2 shadow imps
  3 white imps
  An ufetubus (D:6)
  5 oozes
  4 worms
  3 dart slugs (D:1)
  4 leopard geckos
  16 orcs
  5 bats
  5 giant cockroaches
  5 goblins
  3 hobgoblins (D:2)
  13 jackals
  3 quokkas
  7 ball pythons
  5 frilled lizards
  2 goblin skeletons (D:6)
  2 hobgoblin zombies (D:6)
  A jackal skeleton (D:5)
  2 kobolds
  3 kobold zombies (D:6)
  An orc zombie (D:6)
  A quokka skeleton (D:7)
  6 rats
157 creatures vanquished.

Notes
Turn   | Place    | Note
-------+----------+-------------------------------------------
     0 | D:1      | thiole the Octopode Venom Mage began the quest for the Orb.
     0 | D:1      | Reached XP level 1. HP: 11/11 MP: 3/3
   566 | D:1      | Reached XP level 2. HP: 17/17 MP: 1/5
  1361 | D:2      | Reached XP level 3. HP: 12/21 MP: 1/6
  1429 | D:2      | Learned a level 3 spell: Ignite Poison
  2039 | D:2      | Reached skill level 1 in Fire Magic
  2479 | D:3      | Reached XP level 4. HP: 25/27 MP: 1/7
  3671 | D:4      | Reached XP level 5. HP: 18/31 MP: 3/9
  3929 | D:4      | Noticed an ogre
  4101 | D:4      | Killed an ogre
  4102 | D:4      | Reached skill level 3 in Spellcasting
  4102 | D:4      | Reached XP level 6. HP: 17/36 MP: 3/11
  4260 | D:4      | Learned a level 4 spell: Olgreb's Toxic Radiance
  4482 | D:4      | Reached skill level 4 in Spellcasting
  4854 | D:4      | Found a runed translucent door.
  4855 | D:4      | Noticed Crazy Yiuf
  4998 | D:5      | Entered Level 5 of the Dungeon
  5344 | D:5      | Found Ylimat's Antique Armour Shop.
  5420 | D:5      | Reached skill level 1 in Fighting
  5647 | D:5      | Reached XP level 7. HP: 35/43 MP: 10/14
  5848 | D:5      | Reached skill level 5 in Spellcasting
  7627 | D:6      | Found a glowing golden altar of the Shining One.
  7660 | D:6      | Reached skill level 6 in Spellcasting
  7705 | D:6      | Reached XP level 8. HP: 44/52 MP: 1/17
  8120 | D:6      | Found a staircase to the Ecumenical Temple.
  8130 | Temple   | Entered the Ecumenical Temple
  8340 | Temple   | Became a worshipper of Gozag Ym Sagoz the Greedy
  8638 | D:6      | Reached skill level 7 in Spellcasting
  8900 | D:6      | Found Ishukoir's Distillery.
  8986 | D:7      | Reached skill level 1 in Shields
 10170 | D:8      | Reached XP level 9. HP: 60/60 MP: 16/20
 10205 | D:8      | Reached skill level 5 in Fighting
 10234 | D:8      | Reached skill level 8 in Spellcasting
 10607 | D:8      | Found a shimmering altar of Xom.
 10607 | D:8      | Found a hide-covered altar of Uskayaw.
 11511 | D:9      | Noticed a troll
 11516 | D:9      | Killed a troll
 11603 | D:9      | Found a shadowy altar of Dithmenos.
 11604 | D:9      | Found a hazy altar of Hepliaklqana.
 11906 | D:9      | Reached skill level 9 in Spellcasting
 11959 | D:9      | You fall into a shaft and drop 1 floor!
 11959 | D:10     | Entered Level 10 of the Dungeon
 11972 | D:11     | Noticed a boulder beetle
 11974 | D:11     | Demolished by a boulder beetle

Illustrated notes

Levels and vault maps discovered:
D:1:      minmay_arrival_radiant_lines, layout_basic
D:2:      layout_basic, chequers_serial_rivers_room_b
D:3:      layout_loops_corners, minmay_hedge_maze, minmay_between
D:4:      layout_loops_ring, uniq_crazy_yiuf_cottage
D:5:      wad_crossroads, layout_basic, serial_shops, shop
D:6:      layout_rooms, nicolae_tso_besieged_by_evil, temple_statues,
          serial_shops, shop
D:7:      layout_cave_pools, glass_columns_a, chequers_arboretum,
          minmay_misc_feat_rows, grunt_decor_clamped
D:8:      layout_loops_ring, gammafunk_temple_overflow_wave
D:9:      layout_roguey, riverfiend_overflow_shadow_ancestor,
          nicolae_overflow_quartered_altars, erik_lair_dragon
D:10:     layout_roguey, hellmonk_ghost_happy_afterlife, serial_ice,
          serial_ice_f, serial_ice_o, serial_ice_c, serial_ice_i
D:11:     layout_loops_ring, zombieorc1_lemuel, uniq_fannar
Temple:   nicolae_temple_figure_eight

Skill      XL: |  1  2  3  4  5  6  7  8  9 |
---------------+----------------------------+-----
Poison Magic   | 4 |  4.0
Transmutations | 2 3 |  3.0
Fire Magic     | 1 2 3 |  3.0
Spellcasting   | 3 4 6 7 9 |  9.1
Fighting       | 1 3 4 6 |  6.1
Shields        | 2 4 |  4.0
Dodging        | |  2.0
Stealth        | |  2.6

Action                   |  1- 3 |  4- 6 |  7- 9 || total
-------------------------+-------+-------+-------++-------
Melee: Unarmed           |    20 |     7 |       ||    27
       Constrict         |    11 |     1 |    22 ||    34
       Tentacles         |     2 |     1 |    24 ||    27
       Dagger            |       |     3 |   111 ||   114
 Cast: Sting             |    69 |   112 |   138 ||   319
       Olgreb's Toxic Ra |       |     1 |    27 ||    28
       Ignite Poison     |       |     1 |    22 ||    23
Evoke: Wand              |       |       |     2 ||     2
  Use: Potion            |       |     2 |     1 ||     3
 Stab: Sleeping          |       |     1 |     4 ||     5
       Paralysed         |       |       |     4 ||     4
       Distracted        |       |       |     1 ||     1
Armor: Skin              |     4 |     6 |     3 ||    13
Dodge: Dodged            |    23 |    24 |    78 ||   125
Block: Other             |       |    10 |    18 ||    28
       Reflection        |       |       |     2 ||     2
       Buckler           |       |       |    39 ||    39
